AoeStats
← 陟遐自迩

MegaRandom

509066886Analyzed
4v4 RM · 7d ago on Sep 25, 2026· 44m 25s· 8 players
Game mode
Random Map
Map size
Large (8 player)
Population
200
Speed
Normal
Resources
Standard
Victory
Conquest
Starting age
Dark Age
Ending age
Imperial Age
RankedLock teamsTeams togetherTeam positionsShared explorationLock speedFull tech treeHidden civsTurbo modeCheats
Victory
Defeat
🇨🇳 Burmese · China
1183
+13
🇮🇳 Magyars · India
1152
+15
🇹🇼 Italians · Taiwan
1107
+16
🇦🇷 Huns · Argentina
1077
+18
🇬🇧 Spanish · United Kingdom
1173
-18
🇮🇳 Ethiopians · India
1158
-17
🇨🇳 Persians · China
1088
-14
🇩🇪 Saxons · Germany
1054
-13
Wick
7:12 Loom
10:15 Feudal Age
10:44 Feudal Age
11:39 Double-Bit Axe
15:13 Fletching
19:51 Town Watch
daitoudaguo
7:01 Loom
9:41 Feudal Age
10:04 Horse Collar
21:42 Castle Age
22:23 Scale Barding Armor
22:31 Forging
22:33 Bloodlines
22:31 Town Watch
24:41 Chain Barding Armor
25:05 Heavy Plow
28:41 Wheelbarrow
30:16 Hand Cart
30:41 Manipur Cavalry
30:45 Husbandry
32:28 Iron Casting
32:27 Gold Mining
33:44 Fletching
35:01 Stone Mining
38:09 Imperial Age
38:21 Elite Battle Elephant
39:41 Plate Barding Armor
40:06 Blast Furnace
39:10 Howdah
39:30 Conscription
42:10 Town Patrol
恨海情天
0:34 Loom
10:55 Feudal Age
11:45 Town Watch
12:38 Double-Bit Axe
16:47 Scale Barding Armor
19:14 Horse Collar
20:23 Wheelbarrow
只会出农民
9:49 Feudal Age
10:36 Double-Bit Axe
13:34 Horse Collar
15:24 Scale Barding Armor
16:20 Bloodlines
22:22 Castle Age
20:39 Loom
21:15 Forging
23:00 Wheelbarrow
23:09 Husbandry
26:54 Bow Saw
29:58 Chain Barding Armor
34:23 Hand Cart
39:52 Iron Casting
41:22 Heavy Plow
y.尊 尊
0:59 Loom
12:19 Feudal Age
13:46 Wheelbarrow
13:04 Double-Bit Axe
19:05 Castle Age
MAND_Dã quỳ
0:34 Loom
11:16 Feudal Age
14:56 Double-Bit Axe
17:28 Castle Age
16:25 Fletching
16:35 Padded Archer Armor
16:55 Gold Mining
18:08 Bodkin Arrow
19:28 Crossbowman
21:12 Leather Archer Armor
25:33 Ballistics
27:30 Thumb Ring
34:44 Imperial Age
35:11 Arbalester
35:53 Bracer
35:35 Horse Collar
38:12 Squires
38:53 Halberdier
40:11 Scale Mail Armor
40:55 Forging
41:26 Chain Mail Armor
42:33 Iron Casting
FirstPine3880
11:53 Feudal Age
15:23 Castle Age
13:30 Double-Bit Axe
13:39 Horse Collar
16:33 Loom
陟遐自迩
0:44 Loom
14:04 Feudal Age
15:16 Horse Collar
16:18 Double-Bit Axe
Connection lost

Rejoining the realm…

Still unreachable

The connection could not be restored.

Session expired

The server has moved on; the page needs a fresh start.